 Dungeon Crawl Stone Soup version 0.23.0-3-gf3c87f2 (webtiles) character file.

Game seed: 12207221719978933016

42 sking99 the Skirmisher (level 3, -3/20 HPs)
             Began as a Vine Stalker Fighter on Feb 24, 2019.
             Killed from afar by Sigmund (5 damage)
             ... with a puff of flame
             ... on level 2 of the Dungeon.
             The game lasted 00:02:09 (1071 turns).

sking99 the Skirmisher (Vine Stalker Fighter)       Turns: 1071, Time: 00:02:10

Health: -3/20      AC:  6    Str: 19    XL:     3   Next: 54%
Magic:  0/4        EV:  7    Int:  8    God:
Gold:   87         SH:  0    Dex: 13    Spells: 2/2 levels left

rFire    . . .     SeeInvis .     - Unarmed
rCold    . . .     Gourm    .   b - +0 shield
rNeg     . . .     Faith    .   a - +0 scale mail
rPois    .         Spirit   +   (no helmet)
rElec    .         Reflect  .   (no cloak)
rCorr    .         Harm     .   (no gloves)
MR       .....                  (no boots)
Stlth    ..........             (no amulet)
HPRegen  0.06/turn              (no ring)
MPRegen  0.09/turn              (no ring)

@: confused, very slightly contaminated
A: fangs 2, magic shield, antimagic bite, no potion heal 3, rot immunity
a: no special abilities


You were on level 2 of the Dungeon.
You were hungry.

You visited 1 branch of the dungeon, and saw 2 of its levels.

You collected 87 gold pieces.

Inventory:

Armour
 a - a +0 scale mail (worn)
 b - a +0 shield (worn)
Jewellery
 j - an uncursed ring of ice {unknown}
Scrolls
 e - a scroll of fog {unknown}
 g - 2 scrolls of remove curse {unknown}
 i - a scroll of enchant armour {unknown}
 k - a scroll of immolation {unknown}
Potions
 c - a potion of might
 f - a potion of heal wounds {unknown}
Comestibles
 d - 5 rations
 h - 2 chunks of flesh


   Skills:
 + Level 3.0 Fighting
 - Level 2.4 Armour
 + Level 3.0 Shields
 * Level 3.0 Unarmed Combat


You had 2 spell levels left.
You didn't know any spells.
Your spell library was empty.

Dungeon Overview and Level Annotations

Branches:
Dungeon (2/15)

Altars:

Annotations:
D:2 Sigmund


Innate Abilities, Weirdness & Mutations

You have extremely sharp teeth.
When hurt, damage is shared between your health and your magic reserves.
Your bite disrupts and absorbs the magic of your enemies.
Potions cannot restore your health.
You are immune to rotting.


Message History

You feel yourself slow down.
Things that are here:
2 chunks of flesh; a chunk of flesh; a goblin skeleton
h - 2 chunks of flesh
Found a scroll labeled MUDWEA UT ZOQA.
Sigmund's eyes start glowing with a red light.
Sigmund points at you and mumbles some strange words.
You are confused.
Things that are here:
a chunk of flesh; a goblin skeleton Sigmund points at you and mumbles some strange words.
The puff of flame hits you!
* * * LOW HITPOINT WARNING * * *
Sigmund points at you and mumbles some strange words.
You are more confused.
You're too confused to move!
Sigmund giggles. "Time to reap what you sow."
Sigmund points at you and mumbles some strange words.
The puff of flame hits you.
You die...

#.# #.......##.. #.#
#....g..##..
#.###.......##..
#########...'........{..
#..........##.......####
#....<..............+ #
#..........##.......# #
#....%.@..).........# #
#......@.#..........# #
#........#......##+## #
###.######.####.# # #.#
.# # .. #.# .. ### #.#
#. #.# ? #.# #.#


You could see Sigmund.

Vanquished Creatures
  2 adders (D:2)
  A dart slug (D:1)
  A giant cockroach (D:2)
  2 goblins (D:2)
  3 hobgoblins
  4 jackals (D:1)
  3 bats (D:1)
  A kobold (D:1)
  4 rats (D:1)
21 creatures vanquished.

Notes
Turn   | Place    | Note
-------+----------+-------------------------------------------
     0 | D:1      | sking99 the Vine Stalker Fighter began the quest for the
                  | Orb.
     0 | D:1      | Reached XP level 1. HP: 11/11 MP: 2/2
    43 | D:1      | Reached XP level 2. HP: 7/16 MP: 0/3
   769 | D:2      | Reached XP level 3. HP: 14/20 MP: 2/4
   891 | D:2      | Noticed Sigmund
  1064 | D:2      | HP: 1/20 [Sigmund/puff of flame (5)]
  1071 | D:2      | Killed from afar by Sigmund

Skill      XL: |  1  2  3 |
---------------+----------+-----
Fighting       | 3 |  3.0
Shields        | 3 |  3.0
Unarmed Combat | 3 |  3.0
Armour         | |  2.4

Action                   || total
-------------------------++-------
Melee: Unarmed           ||    78
       Bite              ||    22
  Use: Potion            ||     2
 Stab: Invisible         ||     1
Armor: Scale mail        ||    53
Dodge: Dodged            ||    37
Block: Shield            ||    47
